 Dungeon Crawl Stone Soup version 0.25-a0-80-g9b55229ae5 (webtiles) character file.

Game seed: 7692588858741889755, levelgen mode: deterministic

1525817 pianissimo the Evocator (level 27, 207/207 HPs)
             Began as an Octopode Skald on Nov 7, 2019.
             Was a High Priest of Okawaru.
             Escaped with the Orb
             ... and 3 runes!
             The game lasted 02:32:18 (85646 turns).

pianissimo the Evocator (Octopode Skald)           Turns: 85646, Time: 02:32:19

Health: 207/207    AC: 27    Str: 23    XL:     27
Magic:  40/40      EV: 27    Int: 24    God:    Okawaru [*****.]
Gold:   196        SH: 26    Dex: 17    Spells: 12/50 levels left

rFire    + + .     SeeInvis .   T - +5 broad axe (freeze)
rCold    + . .     Gourm    .   y - +5 shield
rNeg     . . .     Faith    .   b - +0 hat of Kigupofy {rElec rF+ Stlth+}
rPois    +         Spirit   .   a - brooch of Shielding {Reflect SH+8}
rElec    +         Reflect  +   L - +6 ring of protection
rCorr    .         Harm     .   C - ring "Jeskod" {rF+ AC+1 Dex+4}
MR       +++++                  M - ring of the Mage {Wiz MR++ Int+3}
Stlth    +.........             E - +5 ring of protection
HPRegen  0.44/turn              X - ring "Foeffual" {rPois MR+ Slay+3}
MPRegen  0.27/turn              f - ring "Iceduru" {rC+ MP+9 Str+4 Int+3 Stlth-}
                                p - +4 ring of protection
                                R - ring of Robustness {AC+8}

@: no status effects
A: almost no armour, stealthy swim, amphibious, 8 rings, constrict 8, tentacle
spike 1, slimy green scales 1, camouflage 1, blurry vision 1, low mp 2,
screaming 1, gelatinous body 1
0: Orb of Zot
}: 3/15 runes: serpentine, barnacled, silver
a: Heroism, Finesse, Renounce Religion


You escaped.
You worshipped Okawaru.
Okawaru was extremely pleased with you.
You were not hungry.

You visited 10 branches of the dungeon, and saw 50 of its levels.
You also visited: Gauntlet and Ice Cave.

You collected 7486 gold pieces.
You spent 7290 gold pieces at shops.

Inventory:

Hand Weapons
 g - the +10 trident "Ceiddol" {antimagic, rPois rF++}
   (You took it off a spriggan rider on level 2 of the Lair of Beasts)

   It reduces the magical energy of the wielder, and disrupts the spells and
   magical abilities of those hit.
   Natural abilities and divine invocations are not affected.
   It greatly protects you from fire.
   It protects you from poison.
 T - a +5 broad axe of freezing (weapon)
 W - the +2 war axe of Ytoy {elec, -Tele rF+++ Str+6}
   (You found it on level 4 of the Depths)

   Occasionally, upon striking a foe, it will discharge some electrical energy
   and cause terrible harm.
   It affects your strength (+6).
   It renders you almost immune to fire.
   It prevents most forms of teleportation.
Missiles
 U - 12 throwing nets (quivered) {!f}
Armour
 b - the +0 hat of Kigupofy (worn) {rElec rF+ Stlth+}
   (Okawaru gifted it to you on level 2 of the Shoals)

   It protects you from fire.
   It insulates you from electricity.
   It makes you more stealthy.
 y - a +5 shield (worn)
Jewellery
 a - the brooch of Shielding (around mantle) {Reflect SH+8}
   (You found it on level 8 of the Dungeon)

   [amulet of reflection]

   It shields you and reflects attacks.
   It affects your SH (+8).
 f - the ring "Iceduru" (on tentacle) {rC+ MP+9 Str+4 Int+3 Stlth-}
   (You found it on level 3 of the Depths)

   [ring of attention]

   It affects your strength (+4).
   It affects your intelligence (+3).
   It protects you from cold.
   It affects your magic capacity (+9).
   It makes you less stealthy.
 i - the ring "Epecy" {+Inv rElec Int+3 Dex-3}
   (You bought it in a shop on level 4 of the Depths)

   [ring of intelligence]

   It affects your intelligence (+3).
   It affects your dexterity (-3).
   It insulates you from electricity.
   It lets you turn invisible.
 p - a +4 ring of protection (on tentacle)
 r - the ring "Roikluth" {rElec rF+ MR+ Str+2}
   (You found it on level 4 of the Depths)

   [ring of protection from magic]

   It affects your strength (+2).
   It protects you from fire.
   It insulates you from electricity.
   It affects your resistance to hostile enchantments.
 s - the ring "Ruxudej" {rN+ Int+2 Slay+2 SInv}
   (You found it on level 4 of the Depths)

   [ring of see invisible]

   It affects your intelligence (+2).
   It affects your accuracy and damage with ranged weapons and melee attacks
   (+2).
   It protects you from negative energy.
   It lets you see invisible.
 C - the ring "Jeskod" (right tentacle) {rF+ AC+1 Dex+4}
   (You bought it in a shop on level 2 of the Shoals)

   [ring of protection]

   It affects your AC (+1).
   It affects your dexterity (+4).
   It protects you from fire.
 D - an uncursed ring of protection from fire
 E - a +5 ring of protection (on tentacle)
 L - a +6 ring of protection (left tentacle)
 M - the ring of the Mage (on tentacle) {Wiz MR++ Int+3}
   (You bought it in a shop on level 4 of the Shoals)

   [ring of wizardry]

   It improves your spell success rate.
   It affects your intelligence (+3).
   It affects your resistance to hostile enchantments.
 R - the ring of Robustness (on tentacle) {AC+8}
   (You acquired it in a Gauntlet)

   [ring of protection]

   It affects your AC (+8).
 S - an uncursed ring of resist corrosion
 X - the ring "Foeffual" (on tentacle) {rPois MR+ Slay+3}
   (You bought it in a shop on level 4 of the Depths)

   [ring of poison resistance]

   It affects your accuracy and damage with ranged weapons and melee attacks
   (+3).
   It protects you from poison.
   It affects your resistance to hostile enchantments.
Wands
 m - a wand of paralysis (18)
 z - a wand of disintegration (17)
 B - a wand of digging (6)
 H - a wand of acid (10)
 I - a wand of iceblast (9)
 O - a wand of enslavement (38)
 Z - a wand of scattershot (20)
Scrolls
 k - 4 scrolls of fog
 n - 3 scrolls of summoning
 t - 12 scrolls of fear
 v - a scroll of enchant armour
 F - 2 scrolls of holy word
 J - 6 scrolls of teleportation {@r3}
 V - 5 scrolls of blinking
Potions
 d - 9 potions of heal wounds
 e - 6 potions of magic
 h - 8 potions of ambrosia
 j - 3 potions of invisibility
 l - 7 potions of brilliance
 o - 9 potions of agility
 q - 2 potions of lignification
 x - 8 potions of mutation
 G - 5 potions of resistance
 K - 4 potions of cancellation
 N - 5 potions of might
 P - 27 potions of curing {@q1}
 Q - 11 potions of haste
Miscellaneous
 u - 5 boxes of beasts
 w - a phial of floods
 A - 4 phantom mirrors
 Y - 8 sacks of spiders
Comestibles
 c - 44 rations


   Skills:
 - Level 22.0 Fighting
 - Level 17.9(18.0) Axes
 - Level 2.0(12.2) Polearms
 - Level 18.0 Dodging
 - Level 12.0 Shields
 - Level 12.0 Spellcasting
 - Level 5.0 Hexes
 - Level 4.0 Charms
 - Level 13.0 Summonings
 - Level 12.0 Necromancy
 - Level 5.0 Translocations
 - Level 2.0 Transmutations
 - Level 6.5 Air Magic
 - Level 2.0 Earth Magic
 - Level 9.0 Invocations
 + Level 23.5 Evocations


You had 12 spell levels left.
You knew the following spells:

 Your Spells              Type           Power        Failure   Level  Hunger
a - Confusing Touch       Hex            #####.       1%          1    None
b - Shadow Creatures      Summ           N/A          1%          6    #####..
c - Dispel Undead         Necr           ######..     1%          5    ###....
d - Regeneration          Chrm/Necr      ######....   1%          3    None
e - Summon Lightning Spi  Summ/Air       ######..     1%          4    None
f - Passwall              Tmut/Erth      ###.....     1%          2    None
g - Apportation           Tloc           #####.       1%          1    None
h - Animate Dead          Necr           N/A          1%          4    None
i - Swiftness             Chrm/Air       #####...     1%          2    None
j - Summon Forest         Summ/Tloc      ######....   1%          5    ###....
k - Silence               Hex/Air        #####.....   6%          5    ###....

Your spell library contained the following spells:

 Spells                   Type           Power        Failure   Level  Hunger
 Animate Skeleton         Necr           N/A          1%          1    None
 Beastly Appendage        Tmut           ###...       1%          1    None
 Corona                   Hex            #####..      1%          1    None
 Infusion                 Chrm           ####         1%          1    None
 Pain                     Necr           ####         1%          1    None
 Sandblast                Erth           ###...       1%          1    None
 Shock                    Conj/Air       ####         1%          1    None
 Summon Small Mammal      Summ           ####         1%          1    None
 Call Imp                 Summ           ######..     1%          2    None
 Corpse Rot               Necr           N/A          1%          2    None
 Ensorcelled Hibernation  Hex/Ice        ####..       1%          2    None
 Poisonous Vapours        Pois/Air       ####..       1%          2    None
 Shroud of Golubria       Chrm/Tloc      #####.       1%          2    None
 Song of Slaying          Chrm           ####....     1%          2    None
 Sticks to Snakes         Tmut           ###.....     1%          2    None
 Sublimation of Blood     Necr           ######....   1%          2    None
 Call Canine Familiar     Summ           ######..     1%          3    None
 Confuse                  Hex            #####...     1%          3    None
 Gell's Gravitas          Tloc           #####.....   1%          3    None
 Portal Projectile        Hex/Tloc       #####.       1%          3    None
 Recall                   Summ/Tloc      N/A          1%          3    None
 Spectral Weapon          Hex/Chrm       #####...     1%          3    None
 Static Discharge         Conj/Air       ####....     1%          3    None
 Summon Guardian Golem    Hex/Summ       ######..     1%          3    None
 Tukima's Dance           Hex            #####...     1%          3    None
 Vampiric Draining        Necr           ######....   1%          3    None
 Airstrike                Air            #####.....   1%          4    None
 Summon Ice Beast         Ice/Summ       #####...     1%          4    None
 Agony                    Necr           ######..     1%          5    ###....
 Freeze                   Ice            ##..         2%          1    None
 Magic Dart               Conj           ##..         2%          1    None
 Sting                    Conj/Pois      ##..         2%          1    None
 Dazzling Spray           Conj/Hex       ####..       2%          3    None
 Inner Flame              Hex/Fire       ####....     2%          3    None
 Excruciating Wounds      Chrm/Necr      ######....   2%          5    ###....
 Death Channel            Necr           ######....   2%          6    #####..
 Mephitic Cloud           Conj/Pois/Air  ###.....     3%          3    None
 Ozocubu's Armour         Chrm/Ice       ###.....     3%          3    None
 Cause Fear               Hex            #####.....   3%          4    None
 Searing Ray              Conj           ##....       4%          2    None
 Throw Frost              Conj/Ice       ##....       4%          2    None
 Spider Form              Tmut/Pois      ###.......   4%          3    None
 Stone Arrow              Conj/Erth      ###...       4%          3    None
 Borgnjor's Vile Clutch   Necr/Erth      #####.....   4%          5    ###....
 Ignite Poison            Fire/Tmut/Pois ###.....     6%          3    None
 Leda's Liquefaction      Hex/Erth       ####......   6%          4    None
 Bolt of Draining         Conj/Necr      #####.....   6%          5    ###....
 Conjure Flame            Conj/Fire      ##......     8%          3    None
 Force Lance              Conj/Tloc      ####....     9%          4    None
 Fulminant Prism          Conj/Hex       ####......   9%          4    None
 Petrify                  Tmut/Erth      ###.....     11%         4    None
 Summon Hydra             Summ           ######....   11%         7    ######.
 Haunt                    Necr/Summ      ######....   12%         7    ######.
 Ice Form                 Ice/Tmut       ###.....     16%         4    None
 Yara's Violent Unravell  Hex/Tmut       ####......   16%         5    ###....
 Lightning Bolt           Conj/Air       ####......   17%         5    ###....
 Iskenderun's Mystic Bla  Conj           ##......     24%         4    None
 Olgreb's Toxic Radiance  Pois           ##......     24%         4    None
 Throw Icicle             Conj/Ice       ##......     24%         4    None
 Metabolic Englaciation   Hex/Ice        ####......   24%         5    ###....
 Blade Hands              Tmut           ###.......   28%         5    ###....
 Lee's Rapid Deconstruct  Erth           ###.......   28%         5    ###....
 Simulacrum               Ice/Necr       #####.....   32%         6    #####..
 Irradiate                Conj/Tmut      ###.......   41%         5    ###....
 Darkness                 Hex            #####.....   43%         6    #####..
 Dispersal                Tloc           #####.....   43%         6    #####..
 Invisibility             Hex            #####...     43%         6    #####..
 Fireball                 Conj/Fire      ##........   52%         5    ###....
 Venom Bolt               Conj/Pois      ##........   52%         5    ###....
 Borgnjor's Revivificati  Necr           ######....   71%         8    #######
 Infestation              Necr           ######....   71%         8    #######
 Freezing Cloud           Conj/Ice/Air   ###.......   82%         6    #####..
 Hydra Form               Tmut           ###.......   82%         6    #####..
 Statue Form              Tmut/Erth      ###......    82%         6    #####..
 Bolt of Cold             Conj/Ice       ##........   97%         6    #####..
 Bolt of Fire             Conj/Fire      ##........   97%         6    #####..
 Ozocubu's Refrigeration  Ice            ##........   97%         6    #####..
 Death's Door             Chrm/Necr      ######....   99%         8    #######
 Dragon Form              Tmut           ###.......   100%        7    ######.
 Ring of Flames           Chrm/Fire      ###.......   100%        7    ######.
 Controlled Blink         Tloc           N/A          100%        8    #######
 Disjunction              Tloc           #####.....   100%        8    #######
 Ignition                 Fire           ##........   100%        8    #######
 Necromutation            Tmut/Necr      #####.....   100%        8    #######
 Shatter                  Erth           ###.......   100%        9    #######
 Tornado                  Air            #####.....   100%        9    #######
 Passage of Golubria      Tloc           Unusable     N/A         4    N/A

Dungeon Overview and Level Annotations

Branches:
Dungeon (15/15)            Temple (1/1) D:6            Lair (6/6) D:11
 Shoals (4/4) Lair:4        Snake (4/4) Lair:3        Slime (0/5) Lair:6
    Orc (2/2) D:9             Elf (3/3) Orc:2        Vaults (5/5) D:14
  Crypt (0/3) Vaults:3     Depths (5/5) D:15            Zot (5/5) Depths:5
  IceCv (visited)         Gauntlet (visited)

Altars:
Ashenzari
Cheibriados
Dithmenos
Elyvilon
Fedhas
Gozag
Hepliaklqana
Kikubaaqudgha
Makhleb
Nemelex Xobeh
Okawaru
Qazlal
Ru
Sif Muna
Trog
Uskayaw
Vehumet
Wu Jian
Xom
Yredelemnul
Zin
The Shining One
Beogh

Shops:
D:4 *   D:11 %   D:12 *   Orc:2 (=![   Shoals:2 !=   Shoals:4 =   Vaults:5 [
Depths:4 *=(

Portals:
Hell: Depths:1 Depths:2 Depths:3 Depths:4 Depths:5
Abyss: Depths:3 Depths:4
Pandemonium: Depths:3
Ziggurat: Depths:2
Trove: Depths:2 (give 7 potions of haste)

Annotations:
Lair:5 exclusion: hydra


Innate Abilities, Weirdness & Mutations

You cannot wear most types of armour.
You are very stealthy in the water. (Stealth+)
You are amphibious.
You can wear up to eight rings at the same time.
You can use your tentacles to constrict eight enemies at once.
Your skin changes colour to match your surroundings (Stealth+).
Your rubbery body absorbs attacks. (AC +1, EV +1)
One of your tentacles bears a spike.
You are partially covered in slimy green scales. (AC +2)
Scrolls take you a little longer to read.
Your magical capacity is very low. (-20% MP)
You occasionally shout uncontrollably at your foes.


Message History

There is a stone staircase leading down here.
There is a stone staircase leading up here.
You climb upwards.
There is a stone staircase leading down here.
There is a stone staircase leading up here.
You climb upwards.
There is a stone staircase leading down here.
An Orb Guardian comes into view.
The Orb Guardian moves out of view.
Your magical contamination has completely faded away.
A glowing orange brain comes into view.
The glowing orange brain pulsates.
You resist with almost no effort.
There is a stone staircase leading up here.
You climb upwards.
There is a stone staircase leading down here.
You see here a +0 club.
There is an open door here.
There is a staircase leading out of the dungeon here.
You have escaped!

#..#.............##
#....#+#########..# ##.#.#.#
##.## ##.#.#.# #..# ...#.#.#
##.# .....#.# #.###
.....#.###########...##
.....#.....#.......#..###
######
###..#.##...###.@..##...##
#..... ####.#.###.##
#...#####..# #.#### .....#.#
### ##.## ##.###.# ####.#.#
##..## #..##.# .....#'####
###..#.## ##..#.#
..........###.......# ##.....#
.#..>......##...###.###..###.#
####.....#.##...# #..##.##...#
.........#.....## ##....##.###


There were no monsters in sight!

Vanquished Creatures
  4 orbs of fire
  Mara (Elf:3)
  5 ancient liches (Zot:5)
  Sojobo (Vaults:5)
  Saint Roka (Vaults:4)
  5 Killer Klowns (Zot:5)
  Vashnia (Snake:4)
  Margery (Vaults:3)
  2 caustic shrikes
  7 golden dragons
  A curse toe (Zot:5)
  Nikola (Snake:2)
  the Enchantress (Depths:2)
  A Brimstone Fiend (D:13)
  2 electric golems (Zot:5)
  4 liches
  4 tentacled monstrosities
  23 Orb Guardians
  9 titans
  A quicksilver dragon (Vaults:5)
  2 krakens
  2 deep elf blademasters (Elf:3)
  Gastronok (Lair:2)
  5 shadow dragons
  5 sphinxes
  A death cob (Zot:5)
  An ancient champion (Depths:5)
  6 tengu reavers
  7 storm dragons
  10 nagarajas
  A blood saint (D:12)
  3 draconian monks
  Donald (Shoals:3)
  3 draconian knights
  11 vault wardens
  7 fire giants
  A draconian shifter (Depths:4)
  10 frost giants
  3 iron dragons
  4 deep elf sorcerers (Elf:3)
  An orc warlord (Orc:2)
  Louise (Snake:1)
  The ghost of Howlingfantods the Peltast, a journeyman MiFi of Okawaru (Shoals:2)
  A warmonger (D:12)
  4 draconian stormcallers
  6 deep elf elementalists
  5 spriggan defenders
  2 draconian annihilators
  22 stone giants
  A caustic shrike skeleton (Depths:4)
  18 ironheart preservers
  15 very ugly things
  An entropy weaver (Vaults:4)
  9 deep elf demonologists
  3 green draconians
  3 vampire knights
  3 black draconians
  2 purple draconians (Depths:5)
  2 yellow draconians (Zot:1)
  10 deep elf annihilators
  A red draconian (Zot:2)
  2 white draconians
  A minotaur (Gauntlet)
  Azrael (D:14)
  A spark wasp (Depths:2)
  Snorg (D:12)
  6 merfolk javelineers
  10 deep elf death magi
  11 ettins
  A blizzard demon (Depths:3)
  11 merfolk impalers
  9 fire dragons
  10 great orbs of eyes
  Josephine (D:14)
  7 ice dragons
  6 deep elf high priests
  Harold (D:7)
  8 yaktaur captains
  12 naga warriors
  4 rakshasas
  34 vault guards
  The ghost of Gargoyl the Cleaver, a journeyman CeAK of Lugonu (Lair:2)
  9 hydras
  A hell beast (Depths:5)
  A ghost crab (Gauntlet)
  6 centaur warriors
  8 merfolk aquamancers
  7 spriggan air magi
  7 anacondas
  A death knight (Vaults:4)
  15 ogre magi
  8 merfolk avatars
  4 death yaks
  30 dancing weapons
  A satyr (Shoals:3)
  42 two-headed ogres
  7 deep troll shamans
  4 orc high priests (Orc:2)
  11 deep troll earth magi
  A spriggan berserker (Depths:2)
  3 tengu warriors
  2 vampire magi
  9 naga sharpshooters
  A shock serpent (shapeshifter) (D:14)
  A storm dragon zombie (Depths:4)
  4 shock serpents
  A soul eater (Depths:3)
  31 deep elf knights
  The ghost of Shinnjin the Cleaver, a novice DrBe of Trog (D:6)
  Sonja (Orc:1)
  7 skeletal warriors
  A salamander mystic (Snake:4)
  16 sea snakes
  6 shadow wraiths
  14 hell knights
  An iron troll (Depths:1)
  3 glowing orange brains
  A death drake (Depths:4)
  A small abomination (Elf:3)
  4 unseen horrors
  An unseen horror (shapeshifter) (Vaults:5)
  An infernal demonspawn (D:12)
  A torturous demonspawn (D:12)
  28 deep trolls
  2 flayed ghosts
  4 phantasmal warriors
  7 naga ritualists
  4 lindwurms (Lair:5)
  12 deep elf archers
  14 orc knights
  A wolf spider zombie (Vaults:1)
  12 ironbrand convokers
  10 harpies
  6 oklob plants
  A wizard (Vaults:3)
  A harpy (shapeshifter) (D:13)
  25 ugly things
  71 deep elf magi
  6 mana vipers
  4 necromancers
  7 orc sorcerers
  2 wolf spiders
  18 fauns
  An iron dragon skeleton (Depths:4)
  8 cyclopes
  5 salamanders
  19 manticores
  A worldbinder (Gauntlet)
  13 moths of wrath
  23 naga magi
  A black mamba (shapeshifter) (Vaults:3)
  A guardian serpent (shapeshifter) (Vaults:1)
  Maurice (D:12)
  2 ice statues (IceCv)
  11 elephants (Lair:6)
  27 black mambas
  5 merfolk sirens
  A rust devil (Depths:5)
  13 vault sentinels
  3 guardian serpents
  6 water nymphs
  A smoke demon (Depths:3)
  An orange demon (Depths:3)
  7 gargoyles
  A torpor snail (shapeshifter) (Vaults:3)
  3 centaur skeletons
  27 spiny frogs
  A kobold demonologist (D:12)
  An efreet (D:14)
  A spiny frog (shapeshifter) (Depths:1)
  7 komodo dragons
  6 freezing wraiths
  An entropy weaver simulacrum (Vaults:1)
  A tormentor (D:7)
  A spark wasp simulacrum (Depths:4)
  48 yaktaurs
  9 rime drakes
  A red devil (Depths:5)
  3 tengu conjurers
  2 queen bees (shapeshifter)
  A troll (shapeshifter) (Vaults:3)
  31 merfolk
  10 hornets
  4 polar bears
  7 trolls
  8 wind drakes
  4 tyrant leeches (Lair:6)
  13 dream sheep
  40 blink frogs
  13 hippogriffs
  10 slime creatures
  15 snapping turtles
  A stone giant simulacrum (Vaults:3)
  2 centaur simulacra
  4 shadows
  Sigmund (D:5)
  A vampire (D:13)
  5 wraiths
  13 spriggans
  3 air elementals (Elf:1)
  A tarantella (Vaults:4)
  A wyvern (D:11)
  39 yaks
  A human (D:7)
  18 water elementals
  4 fire elementals
  2 basilisks
  A chaos spawn (Depths:3)
  4 hungry ghosts
  3 hogs (D:7)
  9 vampire mosquitoes
  A neqoxec (Depths:3)
  2 acid dragons (D:14)
  5 wargs
  61 nagas
  18 water moccasins
  A floating eye (shapeshifter) (Vaults:5)
  17 porcupines
  5 hell hounds
  Duvessa (D:5)
  48 orc warriors
  27 ice beasts
  2 black bears
  3 swamp drakes (Depths:4)
  2 eyes of draining
  6 phantoms
  6 sky beasts
  11 centaurs
  An ogre (shapeshifter) (Vaults:5)
  44 ogres
  10 wolves
  6 boggarts
  13 crocodiles
  3 big kobolds
  A bullfrog (shapeshifter) (Vaults:4)
  24 bullfrogs
  A gnoll sergeant (D:8)
  6 earth elementals
  2 human skeletons (Vaults:1)
  Dowan (D:5)
  8 scorpions
  3 killer bees (D:12)
  16 wights
  5 electric eels
  11 crimson imps
  3 bullfrog zombies
  5 howler monkeys
  A wyvern simulacrum (Gauntlet)
  4 centaur zombies
  A hound (shapeshifter) (Vaults:5)
  4 quasits (Depths:3)
  11 hounds
  Crazy Yiuf (D:5)
  34 orc priests
  2 bullfrog skeletons
  6 jellies
  32 orc wizards
  An iron imp (Depths:3)
  5 iguanas
  Natasha (thrice) (D:4)
  18 worker ants
  2 bullfrog simulacra (Gauntlet)
  2 hound skeletons
  3 gnolls (D:8)
  2 worker ant zombies
  5 adders
  4 shadow imps
  2 white imps (D:15)
  An ufetubus (Depths:3)
  An ooze (D:4)
  An adder skeleton (D:5)
  An adder zombie (D:5)
  2 worms
  3 dart slugs
  8 leopard geckos
  An orc (shapeshifter) (Depths:4)
  114 orcs
  3 bats
  5 giant cockroaches
  8 goblins
  6 hobgoblins
  18 jackals
  4 quokkas
  A ball python (D:2)
  3 frilled lizards
  A jackal skeleton (D:6)
  22 kobolds
  2 leopard gecko skeletons
  A leopard gecko zombie (D:6)
  11 rats
  5 crawling corpses (Elf:3)
  8 fungi
  11 plants
  3 tentacles (Shoals:3)
2215 creatures vanquished.

Vanquished Creatures (collateral kills)
  A tentacled monstrosity (Zot:5)
  3 Orb Guardians (Zot:5)
  A sphinx (Vaults:4)
  A shadow dragon (Vaults:5)
  2 fire giants
  A nagaraja (Snake:4)
  An iron dragon (Vaults:5)
  A frost giant (Vaults:5)
  7 vault wardens
  5 ironheart preservers
  A stone giant (Depths:2)
  2 spark wasps (Depths:2)
  An ettin (Vaults:4)
  2 fire dragons
  A deep elf death mage (Vaults:4)
  2 yaktaur captains (Vaults:5)
  3 vault guards
  A rakshasa (Vaults:2)
  3 naga warriors
  3 anacondas
  A centaur warrior (Depths:2)
  An ogre mage (Vaults:5)
  A death knight (Vaults:4)
  6 two-headed ogres
  2 naga sharpshooters
  A deep elf knight (Vaults:4)
  A spriggan berserker (Depths:2)
  2 hell knights (Depths:2)
  A shock serpent (Snake:1)
  3 deep trolls
  2 deep elf archers
  An ironbrand convoker (Vaults:1)
  A naga ritualist (Snake:4)
  4 orc knights
  2 harpies
  A necromancer (Depths:2)
  2 ugly things (Vaults:1)
  2 mana vipers (Snake:3)
  2 deep elf magi
  A salamander (Snake:4)
  6 naga magi
  A guardian serpent (Snake:1)
  7 black mambas
  4 vault sentinels
  4 yaktaurs
  2 merfolk
  7 nagas
  3 orc warriors
  5 centaurs (Vaults:1)
  3 ogres
  A glowing shapeshifter simulacrum (Vaults:1)
  An orc wizard (Vaults:2)
  7 orcs
130 creatures vanquished.

Vanquished Creatures (others)
  2 deep elf master archers (Elf:3)
  4 yaktaur captains
  2 centaur warriors (D:13)
  2 satyrs
  2 naga sharpshooters
  2 deep elf archers (Elf:3)
  A harpy (Vaults:5)
  3 cyclopes
  13 yaktaurs
  A merfolk (Shoals:1)
  2 nagas
  2 centaurs
  An elf simulacrum (Depths:4)
  A crimson imp (D:15)
  2 orc wizards
  2 orcs
  54 fungi
  64 plants
  3 spectral weapons
  13 tentacles
  9 withered plants (Gauntlet)
185 creatures vanquished.

Grand Total: 2530 creatures vanquished

Notes
Turn   | Place    | Note
-------+----------+-------------------------------------------
     0 | D:1      | pianissimo the Octopode Skald began the quest for the Orb.
     0 | D:1      | Reached XP level 1. HP: 14/14 MP: 3/3
   274 | D:1      | Reached XP level 2. HP: 20/20 MP: 5/5
   779 | D:2      | Learned a level 2 spell: Shroud of Golubria
   974 | D:2      | Reached XP level 3. HP: 18/26 MP: 6/6
  1394 | D:2      | Learned a level 3 spell: Spectral Weapon
  1878 | D:2      | Found a sparkling altar of Nemelex Xobeh.
  1959 | D:2      | Reached XP level 4. HP: 28/31 MP: 7/7
  2254 | D:3      | Reached skill level 1 in Hexes
  2434 | D:3      | Reached XP level 5. HP: 35/37 MP: 8/8
  2623 | D:3      | You fall into a shaft and drop 3 floors!
  2953 | D:6      | Reached XP level 6. HP: 40/44 MP: 0/9
  3007 | D:6      | Found a runed translucent door.
  3029 | D:6      | Reached skill level 5 in Fighting
  3387 | D:6      | Found a shimmering altar of Xom.
  3437 | D:6      | Noticed a phantom
  3440 | D:5      | Entered Level 5 of the Dungeon
  3440 | D:5      | Noticed Sigmund
  3460 | D:6      | Killed a phantom
  3460 | D:6      | Reached XP level 7. HP: 38/52 MP: 1/10
  3958 | D:6      | Reached skill level 5 in Dodging
  4082 | D:6      | Found a staircase to the Ecumenical Temple.
  4124 | Temple   | Entered the Ecumenical Temple
  4349 | D:6      | Learned a level 3 spell: Regeneration
  4370 | D:6      | Found a shimmering blue altar of Sif Muna.
  4559 | D:6      | Reached XP level 8. HP: 60/60 MP: 11/11
  4931 | D:6      | Noticed Shinnjin's ghost (novice DrBe)
  5065 | D:5      | Found an ornate altar of the Wu Jian Council.
  5159 | D:5      | Found an iron altar of Okawaru.
  5179 | D:5      | Became a worshipper of Warmaster Okawaru
  5692 | D:4      | Found Uxih's Assorted Antiques.
  5737 | D:4      | Bought a scroll labeled JUEPUI HOKI for 20 gold pieces
  5737 | D:4      | Bought a scroll of teleportation for 60 gold pieces
  5737 | D:4      | Bought a scroll of teleportation for 60 gold pieces
  5829 | D:5      | Killed Sigmund
  5829 | D:5      | Reached skill level 1 in Translocations
  5829 | D:5      | Reached skill level 1 in Invocations
  5993 | D:5      | Noticed Duvessa
  5993 | D:5      | Noticed Dowan
  6002 | D:5      | Killed Duvessa
  6005 | D:5      | Killed Dowan
  6187 | D:5      | Reached XP level 9. HP: 38/67 MP: 10/12
  6693 | D:5      | Found an iron altar of Okawaru.
  6697 | D:5      | Got a slimy falchion
  6699 | D:5      | Identified the cursed +0 falchion "Offon" {slice, rElec}
                  | (You found it on level 5 of the Dungeon)
  6787 | D:5      | Found a runed translucent door.
  6788 | D:5      | Noticed Crazy Yiuf
  6797 | D:5      | Killed Crazy Yiuf
  6925 | D:4      | Noticed Natasha
  6927 | D:4      | Killed Natasha
  7084 | D:4      | Noticed Natasha
  7097 | D:4      | Killed Natasha
  7302 | D:4      | Identified the +2 ring mail of Yesterday {rCorr Int+4}
  7631 | D:4      | Noticed Natasha
  7636 | D:4      | Killed Natasha
  8503 | D:4      | Found Uxih's Assorted Antiques.
  8955 | D:6      | Learned a level 2 spell: Song of Slaying
  9022 | D:7      | Reached skill level 1 in Axes
  9032 | D:7      | Reached * piety under Okawaru
  9533 | D:7      | HP: 2/102 [hog (7)]
  9814 | D:7      | Reached skill level 5 in Invocations
  9869 | D:7      | Reached XP level 10. HP: 58/74 MP: 9/13
  9971 | D:7      | Noticed Harold
  9993 | D:7      | Killed Harold
  9993 | D:7      | Reached ** piety under Okawaru
  9993 | D:7      | Reached skill level 5 in Axes
 10324 | D:7      | Reached *** piety under Okawaru
 10633 | D:7      | Found a faded altar of an unknown god.
 10633 | D:7      | Found a hide-covered altar of Uskayaw.
 10638 | D:7      | Found a stormy altar of Qazlal.
 10640 | D:7      | Found a radiant altar of Vehumet.
 10641 | D:7      | Found a faded altar of an unknown god.
 11035 | D:8      | Found the brooch of Shielding {Reflect SH+8}
 11655 | D:8      | Reached skill level 1 in Necromancy
 12342 | D:9      | Found a hazy altar of Hepliaklqana.
 12446 | D:9      | Noticed a two-headed ogre
 12474 | D:9      | Killed a two-headed ogre
 12474 | D:9      | Reached **** piety under Okawaru
 12474 | D:9      | Reached skill level 1 in Evocations
 12474 | D:9      | Reached XP level 11. HP: 33/80 MP: 15/15
 13098 | D:9      | Found a snail-covered altar of Cheibriados.
 13157 | D:9      | Found a blossoming altar of Fedhas.
 13185 | D:9      | Found a glowing golden altar of the Shining One.
 13275 | D:9      | Found a staircase to the Orcish Mines.
 13552 | D:10     | Entered Level 10 of the Dungeon
 13575 | D:10     | Noticed a two-headed ogre
 13586 | D:10     | Killed a two-headed ogre
 13586 | D:10     | Reached skill level 2 in Evocations
 13802 | D:10     | You fall into a shaft and drop 1 floor!
 14745 | D:11     | Found Kuahif's Food Boutique.
 15138 | D:11     | Reached skill level 3 in Evocations
 15464 | D:11     | Reached ***** piety under Okawaru
 15625 | D:11     | HP: 3/81 [troll (15)]
 16402 | D:11     | Killed an unseen horror
 16406 | D:11     | Noticed a four-headed hydra
 16411 | D:11     | Noticed a manticore
 16417 | D:11     | Killed a one-headed hydra
 16417 | D:11     | Reached skill level 4 in Evocations
 16431 | D:11     | Killed a manticore
 16431 | D:11     | Reached skill level 10 in Fighting
 16431 | D:11     | Reached XP level 12. HP: 69/87 MP: 18/18
 16764 | D:11     | Found a staircase to the Lair.
 16829 | D:11     | Reached skill level 10 in Dodging
 17327 | D:10     | Reached skill level 5 in Evocations
 18423 | D:12     | Learned a level 2 spell: Passwall
 18573 | D:12     | Received a gift from Okawaru
 18863 | D:12     | Found Gyfiluf's Assorted Antiques.
 18885 | D:12     | Reached skill level 1 in Shields
 19230 | D:12     | Bought a potion of curing for 87 gold pieces
 19230 | D:12     | Bought a scroll of identify for 58 gold pieces
 19230 | D:12     | Bought a scroll of fear for 101 gold pieces
 19230 | D:12     | Bought a potion of heal wounds for 145 gold pieces
 19230 | D:12     | Bought a scroll of identify for 58 gold pieces
 19230 | D:12     | Bought a potion of berserk rage for 145 gold pieces
 19244 | D:12     | Noticed Snorg
 19260 | D:12     | Killed Snorg
 19861 | D:12     | Noticed a two-headed ogre
 19867 | D:12     | Killed a two-headed ogre
 19867 | D:12     | Reached skill level 6 in Evocations
 19897 | D:12     | Noticed Maurice
 19913 | D:12     | Killed Maurice
 20330 | D:12     | Reached skill level 10 in Axes
 20526 | D:13     | Noticed a centaur warrior
 20530 | D:13     | Noticed a centaur warrior
 20530 | D:13     | Killed a centaur warrior
 20534 | D:13     | Killed a centaur warrior
 20534 | D:13     | Reached XP level 13. HP: 95/95 MP: 19/19
 20943 | D:13     | Reached skill level 5 in Shields
 20951 | D:13     | Found a large runed translucent door.
 20956 | D:13     | Found a large runed translucent door.
 20970 | D:13     | Noticed a yaktaur captain
 21822 | D:14     | Noticed a vault guard
 21822 | D:14     | Noticed a vault guard
 21824 | D:14     | Found a gate to the Vaults.
 21824 | D:14     | Noticed a vault guard
 21824 | D:14     | Noticed a vault guard
 21824 | D:14     | Noticed a vault guard
 21824 | D:14     | Noticed a vault guard
 21825 | D:14     | Noticed a vault guard
 21826 | D:14     | Noticed a vault guard
 21894 | D:13     | Killed a vault guard
 22677 | D:13     | Killed a vault guard
 22801 | D:14     | Killed a vault guard
 23089 | D:13     | Killed a vault guard
 23798 | D:14     | Killed a vault guard
 23846 | D:14     | Killed a vault guard
 23930 | D:14     | Received a gift from Okawaru
 23933 | D:14     | Got a pitted hat {god gift}
 23947 | D:13     | Identified the +1 hat "Zustrox" {rC++} (Okawaru gifted it
                  | to you on level 14 of the Dungeon)
 24311 | D:14     | Killed a vault guard
 24517 | D:14     | Killed a vault guard
 24517 | D:14     | Reached XP level 14. HP: 104/104 MP: 20/20
 24674 | D:14     | Learned a level 3 spell: Mephitic Cloud
 24675 | D:15     | Entered Level 15 of the Dungeon
 24675 | D:15     | Noticed Azrael
 24888 | D:6      | Killed Shinnjin's ghost
 25030 | Orc:1    | Entered Level 1 of the Orcish Mines
 25310 | Orc:1    | Noticed Sonja
 25321 | Orc:1    | Killed Sonja
 25343 | Orc:1    | Found a roughly hewn altar of Beogh.
 25621 | Orc:1    | Found a roughly hewn altar of Beogh.
 25670 | Orc:2    | Entered Level 2 of the Orcish Mines
 26005 | Orc:2    | Noticed an orc warlord
 26029 | Orc:2    | Killed an orc warlord
 27052 | Orc:2    | Found a staircase to the Elven Halls.
 27395 | Orc:2    | HP: 2/107 [sun demon[an orc high priest] (14)]
 27881 | Orc:2    | Found Sewigoum's Antique Weapon Boutique.
 27881 | Orc:2    | Found Moompiapt's Armour Shop.
 27881 | Orc:2    | Found Ysaq's Distillery.
 27901 | Orc:2    | Found Pinwef's Jewellery Boutique.
 27942 | Orc:2    | Bought a potion of haste for 140 gold pieces
 27942 | Orc:2    | Bought a potion of lignification for 42 gold pieces
 27942 | Orc:2    | Bought a potion of curing for 42 gold pieces
 27942 | Orc:2    | Bought a potion of curing for 42 gold pieces
 27942 | Orc:2    | Bought a potion of heal wounds for 70 gold pieces
 28482 | Orc:1    | Noticed a stone giant
 28489 | Orc:1    | Killed a stone giant
 28608 | Orc:2    | Bought an uncursed ring of protection from fire for 375
                  | gold pieces
 29586 | D:15     | Received a gift from Okawaru
 29804 | D:14     | Killed Azrael
 29984 | D:15     | Noticed Josephine
 30242 | D:14     | Killed Josephine
 30242 | D:14     | Reached skill level 10 in Shields
 30246 | D:14     | Reached XP level 15. HP: 80/114 MP: 21/21
 31389 | D:15     | Reached skill level 15 in Fighting
 31950 | D:15     | Found a staircase to the Depths.
 32249 | Lair:1   | Entered Level 1 of the Lair of Beasts
 33319 | Lair:2   | Received a gift from Okawaru
 33437 | Lair:2   | Noticed Gastronok
 33480 | Lair:2   | Killed Gastronok
 33507 | Lair:2   | Identified the +8 demon trident "Hydra's Peril" {freeze,
                  | +Blink rPois MR- Int-3}
 33512 | Lair:2   | Found a transporter.
 33513 | Lair:2   | Found a bloodstained altar of Trog.
 33513 | Lair:2   | Identified the +10 trident "Ceiddol" {antimagic, rPois
                  | rF++}
 33520 | Lair:2   | Found a transporter.
 33661 | Lair:2   | Found an iron altar of Okawaru.
 33719 | Lair:2   | You fall into a shaft and drop 2 floors!
 34424 | Lair:4   | Found a staircase to the Shoals.
 35575 | Lair:3   | Found a staircase to the Snake Pit.
 36429 | Lair:2   | Noticed Gargoyl's ghost (journeyman CeAK)
 36437 | Lair:2   | Identified a scroll of acquirement
 37200 | Lair:5   | Found a frozen archway.
 37234 | Lair:5   | Reached XP level 16. HP: 79/125 MP: 22/22
 37243 | IceCv    | Entered an ice cave
 38557 | Lair:5   | Identified the +9 short sword "Pulom" {antimagic, *Rage
                  | rPois Str+3 Int+9} (You found it on level 5 of the Lair of
                  | Beasts)
 38608 | Lair:5   | Got a jewelled dagger
 39265 | Lair:6   | Entered Level 6 of the Lair of Beasts
 39273 | Lair:6   | Found a gate leading to a gauntlet.
 39282 | Gauntlet | Entered a Gauntlet
 39282 | Gauntlet | Found a transporter.
 39282 | Gauntlet | Found a transporter.
 39282 | Gauntlet | Found a transporter.
 39302 | Gauntlet | Found a transporter.
 39303 | Gauntlet | Found a transporter.
 39306 | Gauntlet | Found a transporter.
 39310 | Gauntlet | Found a runed translucent door.
 39310 | Gauntlet | Found a runed translucent door.
 39312 | Gauntlet | Found a transporter.
 39314 | Gauntlet | Found a transporter.
 39315 | Gauntlet | Found a transporter.
 39317 | Gauntlet | Found a transporter.
 39325 | Gauntlet | Found a transporter.
 39330 | Gauntlet | Found a transporter.
 39502 | Gauntlet | Found the ring of Robustness {AC+8}
 39504 | Gauntlet | Identified the +7 dagger of Gehenna {pierce, rElec} (You
                  | found it on level 5 of the Lair of Beasts)
 39588 | Gauntlet | Got a slimy amber ring
 39610 | Gauntlet | Identified the +7 mace of the Forgotten Coins {crush, Str-3
                  | Int+3 Dex+4}
 39637 | Gauntlet | Identified the ring of Fedhas's Approval {MR+++ Int-2
                  | Dex+6} (You found it in a Gauntlet)
 40138 | Lair:6   | Received a gift from Okawaru
 41252 | Lair:6   | Found a staircase to the Slime Pits.
 41363 | Lair:6   | Received a gift from Okawaru
 41726 | Orc:2    | Bought a +5 ring of protection for 825 gold pieces
 41726 | Orc:2    | Bought an uncursed ring of resist corrosion for 300 gold
                  | pieces
 41733 | Orc:2    | Learned a level 4 spell: Animate Dead
 41736 | Orc:2    | Learned a level 2 spell: Swiftness
 41958 | D:13     | Found a white marble altar of Elyvilon.
 41961 | D:13     | Found a white marble altar of Elyvilon.
 42121 | Lair:2   | Reached XP level 17. HP: 124/135 MP: 19/23
 42140 | Lair:2   | Killed Gargoyl's ghost
 42668 | Elf:1    | Entered Level 1 of the Elven Halls
 43020 | Elf:1    | Reached skill level 5 in Necromancy
 43557 | Elf:1    | Reached skill level 5 in Spellcasting
 44361 | Elf:2    | Reached skill level 7 in Evocations
 44671 | Elf:2    | Found a runed translucent gate.
 44671 | Elf:2    | Found a runed translucent gate.
 44671 | Elf:2    | Found a runed translucent gate.
 44676 | Elf:2    | Received a gift from Okawaru
 44880 | Elf:3    | Entered Level 3 of the Elven Halls
 46061 | Elf:3    | Identified the +7 hand axe "Bicuef" {chop, MR++ Int+2}
 46230 | Elf:3    | Reached skill level 8 in Evocations
 46234 | Elf:3    | Noticed Mara
 46247 | Elf:3    | Noticed pianissimo's illusion
 46256 | Elf:3    | Killed Mara
 46256 | Elf:3    | Reached XP level 18. HP: 83/144 MP: 22/27
 46722 | Elf:3    | Received a gift from Okawaru
 46723 | Elf:3    | Found the +18 shield of the Gong {rElec rN+ MR+ EV-5}
 47346 | Elf:3    | Reached skill level 9 in Evocations
 47382 | Elf:3    | Noticed a deep elf blademaster
 47998 | Elf:3    | Noticed a deep elf blademaster
 48017 | Elf:3    | Killed a deep elf blademaster
 48085 | Elf:3    | Killed a deep elf blademaster
 48093 | Elf:3    | Reached skill level 10 in Evocations
 48131 | Elf:3    | Identified the ring of Patience {Ice MR+ Int+5 Dex+7}
 48131 | Elf:3    | Noticed a deep elf master archer
 48143 | Elf:3    | Noticed a deep elf master archer
 48144 | Elf:3    | Killed a deep elf master archer
 48145 | Elf:3    | Killed a deep elf master archer
 48149 | Elf:3    | Received a gift from Okawaru
 48239 | Elf:3    | Found the +7 sceptre of Torment {pain, torment}
 48275 | Elf:3    | Identified the Catalogue of Dark Rites
 48370 | Elf:3    | Learned a level 5 spell: Dispel Undead
 48376 | Elf:3    | Learned a level 5 spell: Summon Forest
 50046 | Elf:2    | Reached skill level 1 in Summonings
 50074 | Elf:2    | Reached XP level 19. HP: 143/151 MP: 31/31
 50101 | Elf:2    | Received a gift from Okawaru
 50366 | Elf:2    | Learned a level 5 spell: Silence
 50666 | Snake:1  | Entered Level 1 of the Snake Pit
 50721 | Snake:1  | Noticed Louise
 50738 | Snake:1  | Killed Louise
 51316 | Snake:2  | Noticed Nikola
 51324 | Snake:2  | Reached skill level 5 in Summonings
 51330 | Snake:2  | Killed Nikola
 51330 | Snake:2  | Received a gift from Okawaru
 51333 | Snake:2  | Reached skill level 11 in Evocations
 51521 | Snake:2  | Identified the +8 flail "Cunabiu" {crush, rF+ rC+}
 51929 | Snake:2  | Identified the +0 hat "Haedodgh" {rCorr} (Okawaru gifted it
                  | to you on level 2 of the Snake Pit)
 52547 | Snake:2  | Learned a level 6 spell: Shadow Creatures
 52754 | Snake:3  | Found a shattered altar of Ashenzari.
 53330 | Snake:4  | Entered Level 4 of the Snake Pit
 53396 | Snake:4  | Noticed Vashnia
 53427 | Snake:4  | Killed Vashnia
 53449 | Snake:3  | Reached ****** piety under Okawaru
 53449 | Snake:3  | Received a gift from Okawaru
 53801 | Snake:4  | Received a gift from Okawaru
 53801 | Snake:4  | Reached XP level 20. HP: 129/158 MP: 29/33
 53802 | Snake:4  | Found the +14 obsidian axe {chop, +Fly SInv *Curse}
 53980 | Snake:4  | Got a crude tin amulet
 54145 | Snake:4  | Reached skill level 10 in Spellcasting
 54166 | Snake:4  | Received a gift from Okawaru
 54166 | Snake:4  | Reached skill level 12 in Evocations
 54530 | Snake:4  | Identified the amulet "Qairr" {Reflect rPois Str-5 SH+3
                  | SInv} (You acquired it on level 4 of the Snake Pit)
 54982 | Snake:4  | Got a serpentine rune of Zot
 55222 | Shoals:1 | Entered Level 1 of the Shoals
 55379 | Shoals:1 | Reached skill level 10 in Summonings
 56880 | Shoals:2 | Found a runed translucent gate.
 56880 | Shoals:2 | Found a runed translucent gate.
 56880 | Shoals:2 | Found a runed translucent gate.
 56936 | Shoals:2 | Noticed Howlingfantods's ghost (journeyman MiFi)
 57116 | Shoals:2 | Killed Howlingfantods's ghost
 57256 | Shoals:2 | You fall into a shaft and drop 1 floor!
 57380 | Shoals:2 | Identified the +1 chain mail "Qoly" {rC+ Str+3}
 57518 | Shoals:2 | Found Ricij's Jewellery Shop.
 57520 | Shoals:2 | Found Plog's Distillery.
 57526 | Shoals:2 | Bought the ring "Jeskod" {rF+ AC+1 Dex+4} for 381 gold
                  | pieces
 57535 | Shoals:2 | Bought 2 potions of curing for 78 gold pieces
 57535 | Shoals:2 | Bought a potion of mutation for 104 gold pieces
 57535 | Shoals:2 | Bought a potion of might for 52 gold pieces
 57535 | Shoals:2 | Bought a potion of heal wounds for 65 gold pieces
 57535 | Shoals:2 | Bought a potion of cancellation for 104 gold pieces
 57535 | Shoals:2 | Bought a potion of magic for 104 gold pieces
 57535 | Shoals:2 | Bought a potion of resistance for 130 gold pieces
 57535 | Shoals:2 | Bought a potion of heal wounds for 65 gold pieces
 57543 | Shoals:2 | Received a gift from Okawaru
 57547 | Shoals:2 | Got a polished hat {god gift}
 57558 | Shoals:2 | Identified the +0 hat of Kigupofy {rElec rF+ Stlth+}
                  | (Okawaru gifted it to you on level 2 of the Shoals)
 57569 | Shoals:2 | Bought an uncursed ring of see invisible for 225 gold
                  | pieces
 58371 | Shoals:3 | Reached XP level 21. HP: 165/165 MP: 35/35
 58381 | Shoals:3 | Noticed Donald
 58427 | Shoals:3 | Reached skill level 13 in Evocations
 58900 | Shoals:3 | Killed Donald
 59078 | Shoals:3 | Learned a level 1 spell: Confusing Touch
 59083 | Shoals:3 | Learned a level 4 spell: Summon Lightning Spire
 59084 | Shoals:4 | Entered Level 4 of the Shoals
 59205 | Shoals:4 | Got a barnacled rune of Zot
 59533 | Shoals:4 | Found Inysu's Jewellery Emporium.
 60575 | Shoals:4 | Identified the Tome of Curses
 60584 | Shoals:4 | Learned a level 1 spell: Apportation
 61564 | Vaults:1 | Entered Level 1 of the Vaults
 61655 | Vaults:1 | Reached skill level 1 in Air Magic
 61711 | Vaults:1 | Received a gift from Okawaru
 62182 | Vaults:1 | Reached skill level 5 in Translocations
 62324 | Vaults:1 | Reached skill level 14 in Evocations
 62872 | Vaults:1 | Reached XP level 22. HP: 168/174 MP: 38/38
 63129 | Vaults:2 | Received a gift from Okawaru
 64584 | Vaults:3 | Reached skill level 15 in Evocations
 64886 | Vaults:3 | Noticed Margery
 64901 | Vaults:3 | Killed Margery
 65123 | Vaults:3 | Found Tuovifuy's Distillery.
 65135 | Vaults:3 | Received a gift from Okawaru
 65156 | Vaults:3 | Bought a potion of haste for 170 gold pieces
 65156 | Vaults:3 | Bought a potion of mutation for 136 gold pieces
 65156 | Vaults:3 | Bought a potion of haste for 170 gold pieces
 65242 | Vaults:3 | Found a staircase to the Crypt.
 65788 | Vaults:3 | Reached skill level 16 in Evocations
 66227 | Vaults:4 | Noticed Saint Roka
 66258 | Vaults:4 | Killed Saint Roka
 66598 | Vaults:4 | Learned a level 4 spell: Passage of Golubria
 66679 | Vaults:4 | Received a gift from Okawaru
 66681 | Vaults:4 | Reached skill level 17 in Evocations
 67132 | Vaults:4 | Reached XP level 23. HP: 182/182 MP: 39/39
 67371 | Vaults:4 | Noticed a golden dragon
 67380 | Vaults:4 | Killed a golden dragon
 67393 | Vaults:4 | Reached skill level 18 in Evocations
 67895 | Vaults:5 | Entered Level 5 of the Vaults
 67895 | Vaults:5 | Noticed Sojobo
 67906 | Vaults:4 | Received a gift from Okawaru
 68088 | Vaults:4 | Received a gift from Okawaru
 68089 | Vaults:4 | Found the +3 hat of Pondering {ponderous, MR+ MP+10 Int+5}
 68376 | Vaults:5 | Identified the amulet "Coazxan" {Regen+ Str+2}
 68405 | Vaults:5 | Noticed a golden dragon
 68680 | Vaults:5 | Identified the +5 dagger "Yliokh" {vamp, Fragile rPois rN+}
 68872 | Vaults:5 | Identified the cursed +0 robe of Valiance {-Cast rC+ Dex+4
                  | SInv}
 68882 | Vaults:5 | Identified the ring of Sonist {rC+ MR- Int+5 Stlth+}
 68920 | Vaults:5 | Received a gift from Okawaru
 68987 | Vaults:5 | Received a gift from Okawaru
 69003 | Vaults:5 | Reached XP level 24. HP: 108/189 MP: 39/39
 69012 | Vaults:5 | Reached skill level 15 in Axes
 69176 | Vaults:5 | Received a gift from Okawaru
 69225 | Vaults:5 | Received a gift from Okawaru
 69589 | Vaults:5 | Killed Sojobo
 69589 | Vaults:5 | Reached skill level 15 in Dodging
 69869 | Vaults:5 | Received a gift from Okawaru
 69873 | Vaults:5 | Identified the +4 rapier "Keiklaos" {pierce, *Drain +Inv
                  | Dex+5}
 70434 | Vaults:5 | Identified the amulet "Itablue" {Spirit Str+3}
 70606 | Vaults:5 | Found Goukhis's Armour Shoppe.
 71101 | Vaults:5 | Got a silver rune of Zot
 72124 | Shoals:4 | Bought the ring of the Mage {Wiz MR++ Int+3} for 723 gold
                  | pieces
 72124 | Shoals:4 | Found the ring of the Mage {Wiz MR++ Int+3}
 72342 | Depths:1 | Entered Level 1 of the Depths
 72347 | Depths:1 | Found a glowing golden altar of the Shining One.
 72580 | Depths:1 | Reached skill level 1 in Earth Magic
 72622 | Depths:1 | Reached skill level 1 in Transmutations
 72782 | Depths:1 | Received a gift from Okawaru
 73065 | Depths:1 | Reached XP level 25. HP: 171/195 MP: 39/39
 73338 | Depths:1 | Found a gateway to Hell.
 74066 | Depths:2 | Found a gateway to a ziggurat.
 74707 | Depths:2 | Found a portal to a secret trove of treasure.
 74897 | Depths:2 | Noticed the Enchantress
 74951 | Depths:2 | Received a gift from Okawaru
 75502 | Depths:2 | Killed the Enchantress
 75845 | Depths:3 | Found a one-way gate to the infinite horrors of the Abyss.
 76096 | Depths:3 | Reached skill level 10 in Necromancy
 76873 | Depths:3 | Identified the ring "Iceduru" {rC+ MP+9 Str+4 Int+3 Stlth-}
                  | (You found it on level 3 of the Depths)
 77032 | Depths:3 | Found a one-way gate leading to the halls of Pandemonium.
 77045 | Depths:3 | Received a gift from Okawaru
 77238 | Depths:4 | Reached skill level 19 in Evocations
 77257 | Depths:4 | Found Vedog's Antique Weapon Boutique.
 77261 | Depths:4 | Found Bukuagew's Jewellery Shop.
 77268 | Depths:4 | Found Reob's General Store.
 77270 | Depths:4 | Bought the ring "Foeffual" {rPois MR+ Slay+3} for 587 gold
                  | pieces
 77270 | Depths:4 | Bought the ring "Epecy" {+Inv rElec Int+3 Dex-3} for 395
                  | gold pieces
 77283 | Depths:4 | Bought a scroll of holy word for 157 gold pieces
 77283 | Depths:4 | Bought a scroll of summoning for 199 gold pieces
 77283 | Depths:4 | Bought a scroll of identify for 42 gold pieces
 77311 | Depths:4 | Reached XP level 26. HP: 179/201 MP: 39/39
 78007 | Depths:4 | Received a gift from Okawaru
 78574 | Depths:4 | Received a gift from Okawaru
 78610 | Depths:4 | Learned a level 1 spell: Apportation
 78612 | Depths:4 | Identified the +0 buckler "Hickuir" {Regen+ Dex+3 Slay+3}
                  | (Okawaru gifted it to you on level 4 of the Depths)
 78643 | Depths:4 | Identified the ring "Ruxudej" {rN+ Int+2 Slay+2 SInv} (You
                  | found it on level 4 of the Depths)
 78644 | Depths:4 | Identified the cursed +2 war axe of Ytoy {elec, -Tele rF+++
                  | Str+6} (You found it on level 4 of the Depths)
 78645 | Depths:4 | Identified the ring "Roikluth" {rElec rF+ MR+ Str+2} (You
                  | found it on level 4 of the Depths)
 78865 | Depths:5 | Entered Level 5 of the Depths
 79646 | Depths:5 | Found a gate to the Realm of Zot.
 80373 | Depths:5 | Identified the +1 executioner's axe of a wizard's
                  | laboratory {chop, Str+5} (You acquired it on level 5 of the
                  | Depths)
 80656 | Vaults:3 | Bought 2 potions of agility for 136 gold pieces
 80656 | Vaults:3 | Bought a potion of resistance for 170 gold pieces
 80656 | Vaults:3 | Bought a potion of agility for 68 gold pieces
 80656 | Vaults:3 | Bought a potion of ambrosia for 136 gold pieces
 80656 | Vaults:3 | Bought 2 potions of magic for 272 gold pieces
 80656 | Vaults:3 | Bought a potion of lignification for 51 gold pieces
 80989 | Zot:1    | Entered Level 1 of the Realm of Zot
 80989 | Zot:1    | Noticed an orb of fire
 80993 | Zot:1    | Gained mutation: Your magical capacity is low. (-10% MP)
                  | [an orb of fire]
 80996 | Zot:1    | Gained mutation: Your magical capacity is very low. (-20%
                  | MP) [an orb of fire]
 81006 | Zot:1    | Killed an orb of fire
 81247 | Zot:1    | Identified the ring of Bumar {Fire *Slow Int+7} (You found
                  | it on level 1 of the Realm of Zot)
 81556 | Zot:5    | Entered Level 5 of the Realm of Zot
 81881 | Zot:5    | Received a gift from Okawaru
 81961 | Zot:5    | Identified the +10 hand axe of Fihoxkia {chop, Int+4}
                  | (Okawaru gifted it to you on level 5 of the Realm of Zot)
 82008 | Zot:5    | Reached skill level 20 in Evocations
 82022 | Zot:5    | Reached skill level 5 in Hexes
 82022 | Zot:5    | Reached XP level 27. HP: 160/207 MP: 31/31
 82304 | Zot:5    | Noticed an ancient lich
 82307 | Zot:5    | Noticed an ancient lich
 82324 | Zot:5    | Killed an ancient lich
 82451 | Zot:5    | Noticed an orb of fire
 82463 | Zot:5    | Gained mutation: One of your tentacles bears a spike. [an
                  | orb of fire]
 82471 | Zot:5    | Gained mutation: Scrolls take you a little longer to read.
                  | [an orb of fire]
 82473 | Zot:5    | Gained mutation: You are partially covered in slimy green
                  | scales. (AC +2) [an orb of fire]
 82479 | Zot:5    | Killed an orb of fire
 82479 | Zot:5    | Reached skill level 5 in Air Magic
 82661 | Zot:5    | Killed an ancient lich
 82750 | Zot:5    | Noticed an ancient lich
 82770 | Zot:5    | Killed an ancient lich
 82949 | Zot:5    | Received a gift from Okawaru
 82956 | Zot:5    | Reached skill level 21 in Evocations
 83226 | Zot:5    | Noticed an orb of fire
 83257 | Zot:5    | Killed an orb of fire
 83397 | Zot:5    | Noticed an orb of fire
 83418 | Zot:5    | Gained mutation: You occasionally shout uncontrollably at
                  | your foes. [an orb of fire]
 83420 | Zot:5    | Killed an orb of fire
 83425 | Zot:5    | Reached skill level 22 in Evocations
 83679 | Zot:5    | Noticed an ancient lich
 83689 | Zot:5    | Killed an ancient lich
 84554 | Zot:5    | Noticed an ancient lich
 84562 | Zot:5    | Killed an ancient lich
 84562 | Zot:5    | Reached skill level 23 in Evocations
 84724 | Zot:5    | Received a gift from Okawaru
 84969 | Zot:5    | Got the Orb of Zot
 85115 | Depths:5 | Noticed a seraph
 85120 | Depths:5 | Identified the +9 large shield of the Bulwark {Dex+3}
 85176 | Depths:3 | Noticed Hipnu the pandemonium lord
 85646 | D:$      | Escaped with the Orb!

Levels and vault maps discovered:
D:1:      dpeg_arrival_arbitrary_b, layout_basic
D:2:      layout_loops_ring, nemelex_xobeh_ov_fountains_minmay
D:3:      layout_loops_ring, first_ration, minivault_19, wad_rectangle_vault
D:4:      layout_loops_ring, serial_shops, nicolae_shop_crystal,
          kennysheep_generic_room_11, uniq_natasha
D:5:      layout_rooms, nicolae_overflow_crystal_walls,
          okawaru_ov_weapons_minmay, lemuel_altar_in_water,
          uniq_crazy_yiuf_cottage, uniq_sigmund, uniq_duvessa
D:6:      layout_rooms, nicolae_overflow_hidden_temple, kennysheep_mini,
          minmay_temple_entry_mini_moons, ebering_ghost_reflecting_pool
D:7:      layout_loops_cross, chequers_temple_overflow_minitemple,
          grunt_livestock, uniq_harold
D:8:      layout_loops_ring, special_room [special_room_orc]
D:9:      layout_big_octagon, lemuel_doored_altar, lemuel_round_altar,
          marbit_many_paths, kennysheep_mini_moat, orc_0_dummy,
          nrook_mini_backslash
D:10:     layout_stronghold, minmay_diced_spiral
D:11:     layout_loops_ring, due_lair_maze_entry_diamond, serial_shops, shop
D:12:     layout_roguey, serial_shops, shop_fountains, uniq_maurice, uniq_snorg
D:13:     layout_basic, jmf_multi_god_temple2
D:14:     layout_small_grid, erik_vaults_2, minmay_misc_feat_cross
D:15:     hangedman_depths_entry_civil_slaughter, layout_cave_pools, serial_ice,
          serial_ice_d, serial_ice_f, serial_ice_b, serial_ice_e, uniq_azrael,
          uniq_josephine
Temple:   dpeg_chambers_temple
Lair:1:   layout_gridlike, grunt_megastairs_4
Lair:2:   layout_cave_pods, serial_rivers, chequers_serial_rivers_micro_e,
          chequers_serial_rivers_micro_c, chequers_serial_rivers_micro_e,
          chequers_serial_rivers_micro_b, gammafunk_ghost_wrathful_warriors,
          basic_altar, st_stairs_13, beast_lair_carwin_1, uniq_gastronok
Lair:3:   layout_cave_pods, guppyfry_snake_entry_island
Lair:4:   layout_regular_city, minmay_shoals_entry_beasts, fungi_pond_lemuel,
          cheibrodos_lair_reptile_den, serial_bayou_shore_b,
          minmay_lair_oklob_chamber
Lair:5:   layout_roguey, portal_ice_cave_entry_animals_and_master,
          minmay_lindwurm_lava
Lair:6:   minmay_lair_end_frog_pond, layout_gridlike,
          minmay_slime_entry_pillars, gauntlet_entry_generic
Shoals:1: layout_shoals
Shoals:2: layout_shoals, serial_shops, shop, shop, ebering_ghost_rock_garden
Shoals:3: layout_shoals, st_sunken_temple, uniq_donald
Shoals:4: shoals_end_simple, layout_shoals, serial_shops, shop
Snake:1:  layout_onion, uniq_louise
Snake:2:  kennysheep_six_static_rooms, layout_cave_town, st_stairs_10,
          uniq_nikola
Snake:3:  layout_cave_town, basic_altar
Snake:4:  minmay_snake_end_coiled, layout_rooms, guppyfry_library_mini,
          serial_bayou_shore_b, serial_bayou_shore_a, uniq_vashnia
Orc:1:    layout_caves, basic_altar, mines2_david, uniq_sonja
Orc:2:    st_orc_mages, layout_diamond_mine
Elf:1:    layout_loops_cross, minivault_28, nicolae_elf_w_pinch
Elf:2:    layout_geoelf_octagon
Elf:3:    grunt_elf_hall_asides, layout_geoelf_castle, nicolae_elf_m_pinch,
          uniq_mara
Vaults:1: v_misc_24, hangedman_vaults_cutoff, ontoclasm_vaults_ring_square,
          nicolae_vaults_network_quinsquares
          [nicolae_vaults_network_quincunx_subvault,
          nicolae_vaults_network_quincunx_subvault,
          nicolae_vaults_network_quincunx_subvault,
          nicolae_vaults_network_quincunx_subvault], v_misc_12,
          nicolae_vaults_asterisk, v_misc_25, ontoclasm_vaults_pinch,
          hangedman_vaults_capsules, nicolae_vaults_angled_halls,
          nicolae_vaults_diagonal_hallway_6, v_rooms_5, v_misc_15,
          ontoclasm_vaults_tryst, layout_vaults_maze_bifur,
          infiniplex_enter_wizlab_glasses
Vaults:2: vaults_room_fancy_cross, v_pattern_1, v_rooms_5, grunt_vaults_twisty,
          hangedman_vaults_snaps, vaults_room_fours, vaults_mumra_lcd,
          layout_vaults_quadrants
Vaults:3: grunt_vaults_focal, v_misc_9, v_misc_11, v_misc_18,
          ontoclasm_vaults_ring_square, vaults_room_fours, vaults_room_pool,
          ontoclasm_vaults_eye, layout_vaults_chaotic_city, serial_shops,
          nicolae_shop_statue_plus, uniq_margery
Vaults:4: nicolae_vaults_border_crossing, v_rooms_3, hangedman_vaults_stream,
          nicolae_vaults_circle_grid_b, hangedman_vaults_restitches,
          nicolae_vaults_yaktaur_gun_rack, v_misc_17, v_misc_10, v_misc_25,
          st_eye, layout_vaults_omnibox, uniq_saint_roka
Vaults:5: uniq_sojobo
Depths:1: layout_forbidden_donut, pf_hell_entry_tar_spiral,
          roderic_serpentine_path, chequers_serial_rivers_micro_a, st_stairs_3,
          nrook_campfire, hangedman_decor_clover_reticule, tso_metal_star
Depths:2: minmay_the_grid_triangle_9x9_recursive_2_mashed
          [minmay_the_grid_triangle_9x9_prize_top_heavy,
          minmay_the_grid_triangle_9x9_empty,
          minmay_the_grid_triangle_9x9_flanged_cone,
          minmay_the_grid_triangle_9x9_longest], layout_basic, enter_ziggurat_e,
          nicolae_trove_entry_free_sample, chequers_serial_rivers_marsh,
          hell_entry, minmay_staircase_bubble, uniq_enchantress
Depths:3: grunt_twist_and_shout, layout_basic, grunt_pan_entry_in_and_out,
          abyss_entry, serial_sigils_hangedman_leer, pf_coc_iceberg
Depths:4: gold_lair_mu, layout_basic, hell_entry, abyss_entry, serial_shops,
          shop, kennysheep_crisscross, infiniplex_staircase_pool_2,
          minmay_shoptagon
Depths:5: grunt_zot_entry_pinwheel, layout_cave_shapes, dk_noncrumbling_3,
          grunt_mini_vestibule
Zot:1:    nicolae_zot_draconian_monastery, layout_twisted_circle
Zot:2:    layout_misc_corridors
Zot:3:    layout_cathedral_of_symmetry
Zot:4:    layout_twisted_circle
Zot:5:    layout_basic

Skill      XL: |  1  2  3  4  5  6  7  8  9 10 11 12 13 14 15 16 17 18 19 20 21 22 23 24 25 26 27 |
---------------+----------------------------------------------------------------------------------+-----
Fighting       | 3 4 6 7 8 9 10 11 12 14 16 18 19 20 21 22 | 22.0
Dodging        | 3 4 5 6 7 9 10 11 12 13 14 16 17 18 | 18.0
Hexes          | 1 2 3 4 5 |  5.0
Translocations | 1 2 5 |  5.0
Invocations    | 3 5 7 9 |  9.0
Axes           | 4 8 9 10 11 12 13 14 16 17 | 17.9
Necromancy     | 2 4 6 10 12 | 12.0
Evocations     | 1 4 6 8 10 11 12 14 17 18 19 20 23 | 23.5
Spellcasting   | 4 6 8 9 10 12 | 12.0
Charms         | 4 |  4.0
Shields        | 4 8 10 11 12 | 12.0
Summonings     | 2 8 11 12 13 | 13.0
Air Magic      | 2 3 6 |  6.5
Earth Magic    | 1 2 |  2.0
Transmutations | 1 2 |  2.0
Polearms       | |  2.0

Action                   |  1- 3 |  4- 6 |  7- 9 | 10-12 | 13-15 | 16-18 | 19-21 | 22-24 | 25-27 || total
-------------------------+-------+-------+-------+-------+-------+-------+-------+-------+-------++-------
Melee: Spear             |   121 |    94 |   227 |       |       |       |       |       |       ||   442
       Tentacles         |    12 |    17 |    66 |   118 |   214 |   283 |   468 |   477 |   543 ||  2198
       Constrict         |    26 |    19 |    63 |    83 |   146 |   172 |   188 |   151 |   121 ||   969
       Broad axe         |       |       |    55 |   630 |  1030 |   989 |  1355 |  1179 |  1396 ||  6634
       Falchion          |       |       |    48 |     5 |       |       |       |       |       ||    53
       War axe           |       |       |       |     8 |    25 |    18 |       |       |    18 ||    69
       Punch             |       |       |       |    12 |    34 |    32 |    36 |    46 |    36 ||   196
       Kick              |       |       |       |       |       |       |       |       |   119 ||   119
Throw: Dart              |       |     2 |       |       |    15 |     4 |       |       |       ||    21
       Throwing net      |       |       |       |       |     2 |     1 |       |       |       ||     3
 Cast: Infusion          |       |     2 |       |       |       |       |       |       |       ||     2
       Spectral Weapon   |       |     4 |    16 |     3 |       |       |       |       |       ||    23
       Shroud of Golubri |       |       |     5 |     1 |       |       |       |       |       ||     6
       Regeneration      |       |       |       |     2 |    19 |     1 |    32 |    34 |    38 ||   126
       Animate Dead      |       |       |       |       |       |       |    19 |    15 |     2 ||    36
       Shadow Creatures  |       |       |       |       |       |       |       |     5 |    21 ||    26
       Apportation       |       |       |       |       |       |       |       |       |    26 ||    26
       Summon Forest     |       |       |       |       |       |       |       |       |     1 ||     1
       Silence           |       |       |       |       |       |       |       |       |     3 ||     3
Invok: Heroism           |       |       |     1 |    36 |    63 |    54 |    32 |    31 |    36 ||   253
       Finesse           |       |       |       |       |     4 |     1 |     3 |     3 |     3 ||    14
Evoke: Wand              |       |       |     5 |    29 |    13 |    21 |     4 |     3 |    32 ||   107
       Phial of floods   |       |       |       |       |       |       |       |       |     1 ||     1
  Use: Potion            |       |       |     4 |     5 |     2 |     3 |     3 |     1 |     3 ||    21
       Scroll            |       |       |    18 |     9 |    13 |    15 |    18 |    12 |    20 ||   105
 Stab: Sleeping          |    14 |     3 |    11 |    11 |     6 |     6 |    28 |    18 |     9 ||   106
       Distracted        |     1 |     1 |     2 |       |     1 |     3 |    18 |    19 |    12 ||    57
       Paralysed         |       |       |    16 |       |       |       |       |     1 |       ||    17
       Held in net/web   |       |       |       |       |     2 |     1 |       |       |       ||     3
  Eat: Chunk             |     3 |     5 |    20 |    24 |    34 |    17 |    16 |    18 |    19 ||   156
       Ration            |       |       |     3 |     4 |     7 |     6 |     9 |     5 |    10 ||    44
Armor: Skin              |     7 |       |     6 |    29 |    16 |    55 |    95 |    76 |   135 ||   419
Dodge: Dodged            |    49 |    43 |   179 |   269 |   365 |   289 |   478 |   467 |   562 ||  2701
Block: Buckler           |     2 |     9 |    38 |   223 |       |       |       |       |       ||   272
       Reflection        |       |       |       |    19 |    45 |    77 |   281 |    92 |    69 ||   583
       Shield            |       |       |       |    83 |   953 |   853 |  1922 |  1124 |  1247 ||  6182
       Rpst.: Falchion   |       |       |    13 |       |       |       |       |       |       ||    13

Table legend:
 A = Non-vault XP
 B = Vault XP
 C = Vault XP percentage of total XP
 D = Non-vault monster count
 E = Vault monster count
 F = Vault count percentage of total count
                 A         B        C        D         E       F
            +---------+---------+-------+---------+---------+-------
      Total |  681036 |  752467 |  52.5 |    1517 |     836 |  35.5
            +---------+---------+-------+---------+---------+-------
        D:1 |      22 |       0 |   0.0 |      13 |       0 |   0.0
        D:2 |      63 |       0 |   0.0 |      35 |       0 |   0.0
        D:3 |      16 |      76 |  82.6 |       9 |       6 |  40.0
        D:4 |     441 |      35 |   7.4 |      19 |       1 |   5.0
        D:5 |     651 |     487 |  42.8 |      24 |       4 |  14.3
        D:6 |    1243 |     796 |  39.0 |      29 |       1 |   3.3
        D:7 |    1762 |    2040 |  53.7 |      31 |       6 |  16.2
        D:8 |    1053 |     759 |  41.9 |      23 |      25 |  52.1
        D:9 |    1965 |      70 |   3.4 |      24 |       1 |   4.0
       D:10 |    2491 |     129 |   4.9 |      15 |       1 |   6.2
       D:11 |    7289 |     907 |  11.1 |      54 |       8 |  12.9
       D:12 |    7296 |    1479 |  16.9 |      45 |       2 |   4.3
       D:13 |    5516 |    7722 |  58.3 |      20 |       9 |  31.0
       D:14 |   11630 |    9556 |  45.1 |      38 |      14 |  26.9
       D:15 |   10798 |    4889 |  31.2 |      24 |      15 |  38.5
     Lair:1 |    5231 |     548 |   9.5 |      24 |       2 |   7.7
     Lair:2 |    6095 |    7135 |  53.9 |      24 |      15 |  38.5
     Lair:3 |    8240 |     339 |   4.0 |      40 |       2 |   4.8
     Lair:4 |    2850 |    3591 |  55.8 |      10 |       9 |  47.4
     Lair:5 |    8978 |    5746 |  39.0 |      24 |      14 |  36.8
     Lair:6 |   14155 |   13722 |  49.2 |      40 |      52 |  56.5
   Shoals:1 |   20923 |       0 |   0.0 |      46 |       0 |   0.0
   Shoals:2 |   17151 |    1374 |   7.4 |      33 |       1 |   2.9
   Shoals:3 |   14831 |    9637 |  39.4 |      28 |      10 |  26.3
   Shoals:4 |   11779 |   21174 |  64.3 |      26 |      36 |  58.1
    Snake:1 |   15231 |    1556 |   9.3 |      35 |       1 |   2.8
    Snake:2 |   20830 |    7463 |  26.4 |      45 |       9 |  16.7
    Snake:3 |   15565 |       0 |   0.0 |      30 |       0 |   0.0
    Snake:4 |   21910 |   35041 |  61.5 |      40 |      57 |  58.8
      Orc:1 |    4870 |     806 |  14.2 |      30 |       7 |  18.9
      Orc:2 |    7046 |    5833 |  45.3 |      36 |      42 |  53.8
      Elf:1 |   13361 |    3561 |  21.0 |      27 |      12 |  30.8
      Elf:2 |   12715 |   23423 |  64.8 |      21 |      30 |  58.8
      Elf:3 |   29752 |   58307 |  66.2 |      46 |      35 |  43.2
   Vaults:1 |   41089 |   13387 |  24.6 |      82 |      27 |  24.8
   Vaults:2 |   14413 |   17095 |  54.3 |      32 |      22 |  40.7
   Vaults:3 |   23910 |   21236 |  47.0 |      41 |      29 |  41.4
   Vaults:4 |   21806 |   67175 |  75.5 |      38 |      88 |  69.8
   Vaults:5 |   42014 |  133930 |  76.1 |      65 |      90 |  58.1
   Depths:1 |   31742 |    4615 |  12.7 |      45 |       3 |   6.2
   Depths:2 |   61346 |   31792 |  34.1 |      80 |      21 |  20.8
   Depths:3 |   19990 |   10492 |  34.4 |      26 |      19 |  42.2
   Depths:4 |   38830 |   26669 |  40.7 |      45 |      21 |  31.8
   Depths:5 |   22445 |   27643 |  55.2 |      22 |      20 |  47.6
      Zot:1 |   17594 |       0 |   0.0 |       8 |       0 |   0.0
      Zot:2 |   10203 |       0 |   0.0 |      10 |       0 |   0.0
      Zot:3 |     981 |       0 |   0.0 |       2 |       0 |   0.0
      Zot:4 |     454 |       0 |   0.0 |       1 |       0 |   0.0
      Zot:5 |   30470 |  161638 |  84.1 |      12 |      41 |  77.4
      IceCv |       0 |    5472 | 100.0 |       0 |      20 | 100.0
   Gauntlet |       0 |    3122 | 100.0 |       0 |       8 | 100.0
            +---------+---------+-------+---------+---------+-------
